 Dungeon Crawl Stone Soup version 0.29.0-4-gdea44cf6ec (webtiles) character file.

Game seed: 11495289883897117326

60 qw the Chopper (level 4, -4/26 HPs)
             Began as a Tengu Warper on Aug 28, 2022.
             Slain by a hobgoblin
             ... wielding a +2 short sword of venom
              (5 damage)
             ... on level 2 of the Dungeon.
             The game lasted 00:00:09 (1373 turns).

qw the Chopper (Tengu Warper)                       Turns: 1373, Time: 00:00:09

Health: -4/26      AC:  6    Str: 13    XL:     4   Next: 4%
Magic:  8/8        EV:  9    Int: 14    God:
Gold:   37         SH:  0    Dex: 13    Spells: 7/7 levels left

rFire   . . .      SeeInvis .   Y - +0 hand axe
rCold   . . .      Faith    .   (no shield)
rNeg    . . .      Spirit   .   j - +0 scale mail
rPois   .          Reflect  .   (helmet restricted)
rElec   .          Harm     .   (no cloak)
rCorr   .          Rampage  .   (no gloves)
Will    .....                   (boots unavailable)
Stlth   ..........              (no amulet)
HPRegen 0.08/turn               (no ring)
MPRegen 0.11/turn               (no ring)

@: lethally poisoned (-4 -> -19)
A: beak, talons 3
a: no special abilities


You were on level 2 of the Dungeon.
You visited 1 branch of the dungeon, and saw 2 of its levels.

You collected 37 gold pieces.


Innate Abilities, Weirdness & Mutations

You have a beak for a mouth.
You have claws for feet.


   Skills:
 - Level 2.0 Fighting
 + Level 4.6 Axes
 - Level 1.0 Throwing
 - Level 1.1 Armour
 - Level 2.1 Dodging
 - Level 2.0 Spellcasting
 - Level 2.4 Translocations


You had 7 spell levels left.
You didn't know any spells.
Your spell library contained the following spells:

 Spells                   Type           Power      Damage    Failure   Level
 Blink                    Tloc           16%        N/A       54%         2
 Gell's Gravitas          Tloc           8%         N/A       78%         3
 Lesser Beckoning         Tloc           8%         N/A       78%         3
 Teleport Other           Tloc           8%         N/A       78%         3
 Manifold Assault         Tloc           8%         N/A       100%        5

Inventory:

Hand Weapons
 h - a +0 club
 Y - a +0 hand axe (weapon)
Armour
 j - a +0 scale mail (worn)
Scrolls
 a - a scroll of noise {unknown}
 c - a scroll of identify
Potions
 b - a potion of might {unknown}
 d - a potion of heal wounds {unknown}
 e - a potion of cancellation {unknown}
 f - 2 potions of magic {unknown}
 g - a potion of berserk rage {unknown}
 i - a potion of brilliance {unknown}

Dungeon Overview and Level Annotations

Branches:
Dungeon (2/15)

Altars:

Shops:
D:1 *   D:2 [


Message History

The goblin is heavily wounded.
The goblin hits you but does no damage.
You hit the goblin.
You kill the goblin!
You have reached level 4!
You feel clever.
The dart slug bites you but does no damage.
Things that are here:
a +0 club; 7 stones; a goblin corpse You hit the dart slug.
The dart slug is moderately wounded.
The dart slug barely misses you.
You barely miss the dart slug.
The dart slug is moderately wounded.
You hit the dart slug. You peck the dart slug.
The dart slug is almost dead.
The dart slug bites you but does no damage.
You slash the dart slug!
You kill the dart slug!
A hobgoblin and a frilled lizard come into view.
The hobgoblin is wielding a +2 short sword of venom.
The hobgoblin shouts!
The frilled lizard moves out of view.
Enter note: You barely miss the hobgoblin.
The hobgoblin hits you with a +2 short sword of venom!
You are poisoned.
You hit the hobgoblin but do no damage. Your punch misses the hobgoblin.
You feel very sick.
The hobgoblin hits you with a +2 short sword of venom.
You are lethally poisoned!
You barely miss the hobgoblin. Your kick misses the hobgoblin.
You closely miss the frilled lizard.
You feel very sick. The hobgoblin closely misses you.
The frilled lizard bites you.
You hit the hobgoblin.
The hobgoblin is almost dead.
You barely miss the frilled lizard.
You feel very sick.
The hobgoblin hits you with a +2 short sword of venom.
You die...

.#...# # ... .#...# # .....
.#...# # #. .... ..... #
#..#.#' ...# #### #..#.#'##
.).# .... #.......####g..#
.... #.......'..@l..# .##.
#.........##..######## #.
........#.##.......... #.
.....................# # ##
...####.###.##.#.##..#.#.# #
#..####.###%##.#.##..#.#.# #
#.........)......##....#.#
#..##.###.##.#.#.##..###.#
#..............#.....#...###


You could see a hobgoblin and a frilled lizard.

Vanquished Creatures
  An adder (D:2)
  2 dart slugs (D:2)
  6 endoplasms
  A giant cockroach (D:1)
  6 goblins
  4 hobgoblins
  4 jackals (D:1)
  A kobold (D:1)
  A quokka (D:2)
  3 ball pythons
  6 bats
  4 frilled lizards
  5 rats (D:1)
44 creatures vanquished.

Vanquished Creatures (others)
  9 plants (D:1)
9 creatures vanquished.

Grand Total: 53 creatures vanquished

Notes
Turn   | Place    | Note
-------+----------+-------------------------------------------
     0 | D:1      | qw the Tengu Warper began the quest for the Orb.
     0 | D:1      | Reached XP level 1. HP: 12/12 MP: 4/4
     0 | D:1      | 0 ||| qw: Version: 0.1-a-89-g26bdef1
     0 | D:1      | 0 ||| qw: Game counter: 696
     0 | D:1      | 0 ||| qw: Always use a shield: true
     0 | D:1      | 0 ||| qw: God list: Okawaru
     0 | D:1      | 0 ||| qw: Allow faded altars: false
     0 | D:1      | 0 ||| qw: Do Orc after D:15 true
     0 | D:1      | 0 ||| qw: Do second Lair branch before Depths: true
     0 | D:1      | 0 ||| qw: Lair rune preference: random
     0 | D:1      | 0 ||| qw: Plans: Normal
     0 | D:1      | 0 ||| PLANNING D:1-11
   111 | D:1      | 111 ||| Stepping ~*~*~tactically~*~*~ (stealth).
   151 | D:1      | Reached XP level 2. HP: 17/17 MP: 6/6
   159 | D:1      | Reached skill level 3 in Axes
   276 | D:1      | Found Tuosk's General Store.
   335 | D:1      | 335 ||| SHOPLISTING potion of curing (33 gold, have 10).
   335 | D:1      | 335 ||| SHOPLISTING potion of might (44 gold, have 10).
   350 | D:1      | 350 ||| Stepping ~*~*~tactically~*~*~ (stealth).
   351 | D:1      | 351 ||| Stepping ~*~*~tactically~*~*~ (stealth).
   355 | D:1      | 355 ||| Stepping ~*~*~tactically~*~*~ (stealth).
   532 | D:1      | 532 ||| Stepping ~*~*~tactically~*~*~ (stealth).
   547 | D:1      | Reached XP level 3. HP: 7/21 MP: 7/7
   547 | D:1      | HP: 4/21 [kobold/+0 short sword (3)]
   983 | D:1      | 983 ||| UPGRADING to +0 scale mail.
   993 | D:1      | 993 ||| DROPPING +0 leather armour.
   994 | D:1      | 994 ||| READING scroll labelled WEUN HYINLI.
   995 | D:1      | 995 ||| READING scroll labelled YPUXUBL VAEF.
   996 | D:1      | 996 ||| READING scroll labelled PIMANWE CUPTO.
   997 | D:1      | 997 ||| DROPPING scroll of blinking.
  1081 | D:2      | Reached skill level 4 in Axes
  1098 | D:2      | Found Lashruro's Armour Boutique.
  1104 | D:2      | 1104 ||| SHOPLISTING +0 buckler (45 gold, have 37).
  1104 | D:2      | 1104 ||| SHOPLISTING +3 leather armour of poison resistance
                  | (210 gold, have 37).
  1201 | D:2      | 1201 ||| Stepping ~*~*~tactically~*~*~ (stealth).
  1339 | D:2      | 1339 ||| Stepping ~*~*~tactically~*~*~ (hiding).
  1340 | D:2      | 1340 ||| Stepping ~*~*~tactically~*~*~ (hiding).
  1350 | D:2      | Reached XP level 4. HP: 26/26 MP: 8/8
  1372 | D:2      | HP: 6/26 [poisoned by a hobgoblin]
  1373 | D:2      | HP: 1/26 [poisoned by a hobgoblin]
  1373 | D:2      | Slain by a hobgoblin

Levels and vault maps discovered:
D:1:      amcnicky_arrival_feature_with_door, layout_rooms, serial_shops,
          shop_statue, minmay_misc_feat_roman, serial_bayou_pond_c
D:2:      layout_basic, serial_shops, shop_fountains, minmay_diced_spiral

Skill      XL: |  1  2  3 |
---------------+----------+-----
Axes           | 3 4 |  4.6
Fighting       | |  2.0
Throwing       | |  1.0
Armour         | |  1.1
Dodging        | |  2.1
Spellcasting   | |  2.0
Translocations | |  2.4

Action                   |  1- 3 |  4- 6 || total
-------------------------+-------+-------++-------
Melee: Hand axe          |    90 |     8 ||    98
       Peck              |    11 |     1 ||    12
       Kick              |    26 |       ||    26
       Punch             |     1 |       ||     1
Throw: Boomerang         |     7 |       ||     7
  Use: Scroll            |     3 |       ||     3
Armor: Leather armour    |     9 |       ||     9
       Scale mail        |    29 |     2 ||    31
Dodge: Dodged            |    31 |     2 ||    33

Table legend:
 A = Non-vault XP
 B = Vault XP
 C = Vault XP percentage of total XP
 D = Non-vault monster count
 E = Vault monster count
 F = Vault count percentage of total count
                 A         B        C        D         E       F
            +---------+---------+-------+---------+---------+-------
      Total |      65 |      21 |  24.4 |      38 |       6 |  13.6
            +---------+---------+-------+---------+---------+-------
        D:1 |      42 |       0 |   0.0 |      28 |       0 |   0.0
        D:2 |      23 |      21 |  47.7 |      10 |       6 |  37.5
            +---------+---------+-------+---------+---------+-------
